 Dungeon Crawl Stone Soup version 0.19.4-12-gccf7e64 (webtiles) character file.

3607 Naow the Destroyer (level 9, -5/45 HPs)
             Began as a Deep Elf Conjurer on Feb 27, 2017.
             Was a Follower of Vehumet.
             Slain by Erica
             ... wielding a +2 scimitar of flaming
              (12 damage)
             ... on level 8 of the Dungeon.
             The game lasted 00:21:56 (10624 turns).

Naow the Destroyer (Deep Elf Conjurer)             Turns: 10624, Time: 00:21:57

Health: -5/45      AC: 10    Str:  5    XL:     9   Next: 86%
Magic:  8/25       EV:  6    Int: 24    God:    Vehumet [*.....]
Gold:   461        SH:  0    Dex: 15    Spells: 5 memorised, 12 levels left

rFire  + . .     SeeInvis .     (no weapon)
rCold  . . .     Gourm    .     r - +0 ring mail (curse)
rNeg   . . .     Faith    .     (no shield)
rPois  .         Spirit   .     y - -1 helmet (curse)
rElec  .         Reflect  .     B - +1 cloak
rCorr  .         Harm     .     (no gloves)
MR     .....                    F - +2 pair of boots
Stlth  +.........               (no amulet)
                                E - -3 ring of evasion (curse)
                                A - ring of protection from fire

@: no status effects
A: no striking features
a: Renounce Religion


You were on level 8 of the Dungeon.
You worshipped Vehumet.
Vehumet was aware of your devotion.
You were hungry.

You visited 2 branches of the dungeon, and saw 9 of its levels.

You collected 461 gold pieces.

Inventory:

Armour
 a - a +0 robe
 r - a cursed +0 ring mail (worn)
 y - a cursed -1 helmet (worn)
 B - a +1 cloak (worn)
 F - a +2 pair of boots (worn)
Jewellery
 j - an uncursed ring of protection from cold
 o - an uncursed ring of flight
 t - an uncursed ring of ice
 A - a ring of protection from fire (left hand)
 E - a cursed -3 ring of evasion (right hand)
Wands
 s - a wand of random effects (35/48)
 C - a wand of lightning (7/15)
 D - a wand of random effects (10/48)
 G - a wand of digging (14/24)
 H - a wand of random effects (13/48)
Scrolls
 d - 2 scrolls of enchant weapon
 e - 6 scrolls of identify
 g - a scroll of remove curse {unknown}
 k - a scroll of noise
 l - 4 scrolls of enchant armour
 v - 2 scrolls of blinking
Potions
 h - 2 potions of agility
 i - 3 potions of curing
 n - 3 potions of heal wounds {unknown}
 p - a potion of cure mutation {unknown}
 q - 2 potions of might {unknown}
 w - 2 potions of degeneration {unknown}
 x - a potion of berserk rage {unknown}
 z - a potion of brilliance {unknown}
Books
 b - a book of Conjurations

   Spells                             Type                      Level
   a - Magic Dart                     Conjuration                  1
   b - Searing Ray                    Conjuration                  2
   c - Dazzling Spray                 Conjuration/Hexes            3
   d - Fulminant Prism                Conjuration/Hexes            4
   e - Iskenderun's Mystic Blast      Conjuration                  4
   f - Iskenderun's Battlesphere      Conjuration/Charms           5
Comestibles
 c - 6 bread rations
 f - 4 beef jerkies
 m - 4 meat rations
 u - 2 fruits


   Skills:
 - Level 2.4 Dodging
 - Level 2.4 Stealth
 + Level 10.0 Spellcasting
 * Level 11.9 Conjurations
 + Level 9.0 Charms


You had 12 spell levels left.
You knew the following spells:

 Your Spells              Type           Power        Failure   Level  Hunger
a - Magic Dart            Conj           ####         1%          1    None
b - Searing Ray           Conj           ######       1%          2    None
c - Iskenderun's Battles  Conj/Chrm      ######..     12%         5    ####...
d - Iskenderun's Mystic   Conj           ######..     1%          4    #......
e - Fulminant Prism       Conj/Hex       #####.....   28%         4    #......


Dungeon Overview and Level Annotations

Branches:
Dungeon (8/15)             Temple (1/1) D:7
   Lair: D:8-11

Altars:
Ashenzari
Cheibriados
Fedhas
Hepliaklqana
Kikubaaqudgha
Makhleb
Uskayaw
Vehumet
Xom
Zin

Shops:
D:6 ([[*

Annotations:
D:8 Erica


Message History

The searing ray hits Erica.
Erica is heavily wounded.
You finish channeling your searing ray.
Erica gestures at you while chanting. The orb of energy hits you!
Casting: Searing Ray
Confirm with . or Enter, or press ? or * to list all spells.
Aiming: Searing Ray
Press: ? - help, Shift-Dir - straight line, f/p - Erica
Aim: Erica, wielding a scimitar of flaming and wearing a runed robe (heavily wounded)
The searing ray hits Erica.
Erica is severely wounded. (Press . to maintain the ray.) Erica gestures at you while chanting.
The orb of energy hits you!
* * * LOW HITPOINT WARNING * * *
The searing ray hits Erica.
Erica is almost dead.
Erica hits you with a scimitar of flaming!
You die...

.# .. .) #) #) #)
.##.##.######
......@@....#
###.###.....#
#.....# #.....##
#......# #.#.##.#
#.#.##.#
#####.#.##.#
#....(..##.#####.


You could see Erica.

Vanquished Creatures
  Psyche (D:8)
  A troll (D:7)
  Prince Ribbit (D:7)
  Sigmund (D:6)
  Duvessa (D:6)
  An orc warrior (D:7)
  A hornet zombie (D:7)
  A sky beast (D:8)
  A phantom (D:4)
  2 ice beasts
  3 centaurs
  2 ogres
  A big kobold (D:7)
  Blork the orc (D:6)
  2 bullfrogs
  Dowan (D:6)
  A scorpion (D:8)
  4 crimson imps
  A bullfrog zombie (D:6)
  A centaur zombie (D:7)
  5 hounds
  6 orc priests
  A bullfrog skeleton (D:7)
  A jelly (D:5)
  3 iguanas
  4 orc wizards
  10 worker ants
  A hound skeleton (D:5)
  7 gnolls
  A howler monkey skeleton (D:8)
  12 adders
  2 oozes
  2 adder skeletons
  3 worms
  A dart slug (D:1)
  4 leopard geckos
  13 orcs
  10 bats
  2 giant cockroaches
  5 goblins
  4 hobgoblins (D:3)
  9 jackals
  2 quokkas
  A ball python (D:2)
  A frilled lizard (D:2)
  7 kobolds
  2 leopard gecko skeletons
  3 quokka zombies
  8 rats
158 creatures vanquished.

Notes
Turn   | Place    | Note
-------+----------+-------------------------------------------
     0 | D:1      | Naow the Deep Elf Conjurer began the quest for the Orb.
     0 | D:1      | Reached XP level 1. HP: 10/10 MP: 6/6
   295 | D:1      | Reached XP level 2. HP: 14/15 MP: 2/8
   850 | D:2      | Reached skill level 5 in Conjurations
   994 | D:2      | Reached XP level 3. HP: 13/19 MP: 2/10
  1395 | D:2      | Learned a level 2 spell: Searing Ray
  1900 | D:2      | Reached XP level 4. HP: 24/24 MP: 10/12
  2596 | D:3      | Reached skill level 6 in Conjurations
  3365 | D:4      | Reached XP level 5. HP: 21/28 MP: 8/14
  3528 | D:4      | Noticed a phantom
  3542 | D:4      | Killed a phantom
  3542 | D:4      | Reached skill level 5 in Spellcasting
  3542 | D:4      | Reached skill level 7 in Conjurations
  3667 | D:4      | Reached XP level 6. HP: 32/32 MP: 13/16
  4390 | D:5      | Entered Level 5 of the Dungeon
  4435 | D:5      | Learned a level 5 spell: Iskenderun's Battlesphere
  4440 | D:5      | Learned a level 4 spell: Iskenderun's Mystic Blast
  4445 | D:5      | Learned a level 4 spell: Fulminant Prism
  4976 | D:5      | Reached skill level 1 in Charms
  5106 | D:5      | Reached XP level 7. HP: 36/36 MP: 12/18
  5298 | D:5      | Reached skill level 8 in Conjurations
  5649 | D:6      | Found Ymojeamp's Antique Armour Shoppe.
  5661 | D:6      | Found Juolulun's Armour Boutique.
  5664 | D:6      | Noticed Dowan
  5686 | D:6      | Noticed Duvessa
  5695 | D:6      | Killed Duvessa
  5695 | D:6      | Killed Dowan
  5758 | D:6      | Noticed Sigmund
  5764 | D:6      | Killed Sigmund
  5989 | D:6      | Noticed Blork the orc
  5996 | D:6      | Killed Blork the orc
  5996 | D:6      | Reached skill level 9 in Conjurations
  5996 | D:6      | Reached XP level 8. HP: 41/41 MP: 13/20
  6171 | D:6      | Found Yjoqoyva's Antique Weapon Emporium.
  6567 | D:6      | Reached skill level 5 in Charms
  6791 | D:6      | Found Xiroror's Assorted Antiques.
  7503 | D:7      | Reached skill level 10 in Conjurations
  7812 | D:7      | Found a staircase to the Ecumenical Temple.
  7862 | Temple   | Entered the Ecumenical Temple
  8181 | Temple   | Became a worshipper of Vehumet
  8793 | D:7      | Found a shattered altar of Ashenzari.
  8824 | D:7      | Reached XP level 9. HP: 45/45 MP: 12/23
  8891 | D:7      | Noticed Prince Ribbit
  8900 | D:7      | Killed Prince Ribbit
  9670 | D:7      | Noticed a troll
  9679 | D:7      | Killed a troll
  9679 | D:7      | Reached skill level 11 in Conjurations
 10255 | D:8      | Noticed Psyche
 10261 | D:8      | Killed Psyche
 10280 | D:8      | Reached * piety under Vehumet
 10280 | D:8      | Offered knowledge of Sandblast by Vehumet.
 10519 | D:8      | Reached skill level 10 in Spellcasting
 10617 | D:8      | Noticed Erica
 10624 | D:8      | Slain by Erica

Skill      XL: |  1  2  3  4  5  6  7  8  9 |
---------------+----------------------------+-----
Conjurations   | 5 6 7 9 10 11 | 11.9
Spellcasting   | 4 5 6 7 8 10 | 10.0
Charms         | 1 4 6 9 |  9.0
Dodging        | |  2.4
Stealth        | |  2.4

Action                   |  1- 3 |  4- 6 |  7- 9 || total
-------------------------+-------+-------+-------++-------
Melee: Unarmed           |       |       |     2 ||     2
 Cast: Magic Dart        |    56 |   130 |   206 ||   392
       Searing Ray       |     2 |     5 |    39 ||    46
       Iskenderun's Myst |       |       |    11 ||    11
  Use: Scroll            |       |     9 |     2 ||    11
  Eat: Chunk             |     3 |     9 |    15 ||    27
       Royal jelly       |       |       |     1 ||     1
Armor: Robe              |     1 |     2 |       ||     3
       Ring mail         |       |     7 |    38 ||    45
Dodge: Dodged            |     7 |    34 |    29 ||    70
